Predators vs Flames

Created - April 24 2010 at 11:21

Goals
1 2 3 T
Predators 2 1 0 3
Flames 2 0 2 4
Shots
1 2 3 T
Predators 10 8 9 27
Flames 6 13 12 31

Period #1

1. Predators , Simon Gagne 4 (Jeff Carter, Patrik Elias) at 3:25 (PP)
2. Flames , Henrik Sedin 5 (Tobias Enstrom, Daniel Sedin) at 5:21
3. Predators , Scott Hartnell 4 (David Legwand, Brent Burns) at 13:17
4. Flames , Henrik Sedin 6 (Chris Pronger, Daniel Sedin) at 19:18

Penalties :
Daniel Sedin (CGY) for Roughing (Minor) at 2:22, Chris Pronger (CGY) for Slashing (Minor) at 16:42

Period #2

5. Predators , Scottie Upshall 1 (Jeff Carter, Jonathan Cheechoo) at 5:27

Penalties :
Mike Commodore (CGY) for Hooking (Minor) at 1:39, Shea Weber (NSH) for High sticking (Minor) at 6:54, Braydon Coburn (NSH) for Hooking (Minor) at 11:18, Braydon Coburn (NSH) for High sticking (Minor) at 14:00

Period #3

6. Flames , Marco Sturm 4 (Dan Boyle, Mikko Koivu) at 6:31
7. Flames , Daniel Sedin 3 (Henrik Sedin) at 7:54 (PP)

Penalties :
Shea Weber (NSH) for Roughing (Minor) at 7:06, Shea Weber (NSH) for Roughing (Minor) at 10:30, Shea Weber (NSH) for Hooking (Minor) at 12:46, Alex Burrows (NSH) for Holding (Minor) at 17:29

Goalie Stats

Pekka Rinne (NSH), 27 saves from 31 shots - (0.871), L, 7-4-0, 59:46 minutes
Niklas Backstrom (CGY), 24 saves from 27 shots - (0.889), W, 9-2-1, 60:00 minutes

Players Stats

Predators
Player Name              G  A  P  +/- PIM S  H  SB FO    MP 
------------------------------------------------------------
Alex Burrows             0  0  0   0  2   2  6  0  1/3   19 
Braydon Coburn           0  0  0   0  4   1  5  0  0/0   21 
Brent Burns              0  1  1   0  0   3  0  1  0/0   19 
David Legwand            0  1  1  -1  0   2  0  0  11/21 18 
Derek Morris             0  0  0   0  0   1  1  1  0/0   18 
Jeff Carter              0  2  2  -1  0   5  0  0  16/31 23 
Jonathan Cheechoo        0  1  1  -1  0   0  1  0  0/0   6  
Nicklas Backstrom        0  0  0   0  0   1  0  0  9/22  17 
Patrik Elias             0  1  1   0  0   2  1  0  2/2   13 
Scott Hartnell           1  0  1   0  0   3  2  0  1/2   18 
Scottie Upshall          1  0  1  -1  0   1  0  0  1/1   6  
Shea Weber               0  0  0   0  8   0  2  3  0/0   20 
Simon Gagne              1  0  1   0  0   4  0  0  0/1   14 
Steven Stamkos           0  0  0   0  0   0  0  0  0/0   18 
Thomas Vanek             0  0  0   0  0   1  0  0  0/2   16 
Tomas Kaberle            0  0  0   0  0   0  0  1  0/0   20 
Viktor Kozlov            0  0  0   0  0   0  0  0  0/0   0  
Zbynek Michalek          0  0  0  -1  0   1  2  2  0/0   21 
Flames
Player Name              G  A  P  +/- PIM S  H  SB FO    MP 
------------------------------------------------------------
Chris Pronger            0  1  1   2  2   2  2  0  0/0   22 
Dan Boyle                0  1  1   0  0   3  1  0  0/0   20 
Daniel Sedin             1  2  3   2  2   2  1  0  2/2   21 
Drew Stafford            0  0  0   0  0   0  0  0  0/0   1  
Henrik Sedin             2  1  3   2  0   8  0  0  14/27 20 
Keith Tkachuk            0  0  0  -1  0   0  2  0  0/1   19 
Marco Sturm              1  0  1   0  0   4  0  0  2/3   16 
Matt Cullen              0  0  0   0  0   0  0  0  2/5   5  
Mike Commodore           0  0  0  -1  2   1  1  2  0/0   18 
Mikko Koivu              0  1  1   0  0   1  0  0  11/21 19 
Owen Nolan               0  0  0  -1  0   2  0  0  0/1   19 
Paul Mara                0  0  0   1  0   0  0  1  0/0   4  
Phil Kessel              0  0  0   2  0   0  1  0  0/0   20 
Robert Lang              0  0  0  -1  0   1  0  0  12/23 19 
Roman Hamrlik            0  0  0   0  0   0  3  1  0/0   17 
Tobias Enstrom           0  1  1   1  0   3  0  0  0/0   21 
Trevor Daley             0  0  0  -1  0   2  1  1  0/0   18 
Valtteri Filppula        0  0  0   0  0   2  0  0  1/2   18 

3 Stars

1 - Henrik Sedin (CGY)
2 - Daniel Sedin (CGY)
3 - Scott Hartnell (NSH)

Power Play

Predators - 1 on 3 Attempt(s) - 33.33%
Flames - 1 on 7 Attempt(s) - 14.29%

Penalty Kill

Predators - 6 on 7 Attempt(s) - 85.71% - Score 0 goal in Penalty Kill
Flames - 2 on 3 Attempt(s) - 66.67% - Score 0 goal in Penalty Kill

Game Notes

No Game Note

Finance

Level 1 -- Attendance: 6500 (100.00%) -- Ticket Income $637,000.00
Level 2 -- Attendance: 5000 (100.00%) -- Ticket Income $290,000.00
Level 3 -- Attendance: 3500 (100.00%) -- Ticket Income $115,500.00
Level 4 -- Attendance: 3289 (100.00%) -- Ticket Income $59,202.00
Luxury Box -- Attendance: 1000 (100.00%) -- Ticket Income $195,000.00
Game was played at the Pengrowth Saddledome
Total Attendance: 19289 (100.00%)
Total Ticket Income: $1,332,353.00
Other Income: $399,705.75
Total Income: $1,732,058.00


Play by Play

Period #1

0:01 of 1st period - Jeff Carter wins face-off versus Henrik Sedin in neutral zone.
0:14 of 1st period - Shot by Jeff Carter.
0:14 of 1st period - Stopped by Niklas Backstrom with a rebound.
0:27 of 1st period - Shot by Phil Kessel.
0:27 of 1st period - Shot Misses the Net.
0:29 of 1st period - Shot by Chris Pronger.
0:29 of 1st period - Shot Blocked by Shea Weber.
0:31 of 1st period - Shot by Tobias Enstrom.
0:31 of 1st period - Deflect By Henrik Sedin.
0:31 of 1st period - Stopped by Pekka Rinne without a rebound.
0:32 of 1st period - Mikko Koivu wins face-off versus Nicklas Backstrom in Predators zone.
0:37 of 1st period - Shot by Valtteri Filppula.
0:37 of 1st period - Shot Misses the Net.
0:39 of 1st period - Shot by Marco Sturm.
0:39 of 1st period - Shot Misses the Net.
0:43 of 1st period - Shot by Valtteri Filppula.
0:43 of 1st period - Shot Misses the Net.
0:45 of 1st period - Shot by Mikko Koivu.
0:45 of 1st period - Shot Misses the Net.
0:49 of 1st period - Shot by Valtteri Filppula.
0:49 of 1st period - Stopped by Pekka Rinne without a rebound.
0:50 of 1st period - David Legwand wins face-off versus Robert Lang in Predators zone.
2:00 of 1st period - Shot by Daniel Sedin.
2:00 of 1st period - Shot Misses the Net.
2:02 of 1st period - Shot by Chris Pronger.
2:02 of 1st period - Shot Misses the Net.
2:21 of 1st period - Thomas Vanek is hit by Daniel Sedin and loses puck.
2:22 of 1st period - Minor Penalty to Daniel Sedin for Roughing.
2:23 of 1st period - Mikko Koivu wins face-off versus Nicklas Backstrom in Flames zone.
2:40 of 1st period - Matt Cullen is hit by Shea Weber and loses puck.
3:11 of 1st period - Icing by Tomas Kaberle.
3:12 of 1st period - Patrik Elias wins face-off versus Marco Sturm in Predators zone.
3:25 of 1st period - Shot by Simon Gagne.
3:25 of 1st period - Goal by Simon Gagne - Predators : 1 - Flames : 0.
3:26 of 1st period - Robert Lang wins face-off versus Nicklas Backstrom in neutral zone.
5:13 of 1st period - Shot by Daniel Sedin.
5:13 of 1st period - Deflect By Phil Kessel.
5:13 of 1st period - Shot Blocked by Tomas Kaberle.
5:17 of 1st period - Shot by Daniel Sedin.
5:17 of 1st period - Shot Misses the Net.
5:21 of 1st period - Shot by Henrik Sedin.
5:21 of 1st period - Goal by Henrik Sedin - Predators : 1 - Flames : 1.
5:22 of 1st period - Jeff Carter wins face-off versus Robert Lang in neutral zone.
5:44 of 1st period - Shot by Thomas Vanek.
5:44 of 1st period - Shot Blocked by Trevor Daley.
6:45 of 1st period - Icing by Henrik Sedin.
6:46 of 1st period - David Legwand wins face-off versus Henrik Sedin in Flames zone.
6:46 of 1st period - David Legwand is hit by Chris Pronger.
6:54 of 1st period - Shot by David Legwand.
6:54 of 1st period - Stopped by Niklas Backstrom without a rebound.
6:55 of 1st period - Mikko Koivu wins face-off versus Nicklas Backstrom in Flames zone.
7:09 of 1st period - Mike Commodore is hit by Alex Burrows and loses puck.
7:22 of 1st period - Shot by Marco Sturm.
7:22 of 1st period - Stopped by Pekka Rinne without a rebound.
7:23 of 1st period - Robert Lang wins face-off versus Simon Gagne in Predators zone.
7:40 of 1st period - Off-side.
7:41 of 1st period - Mikko Koivu wins face-off versus David Legwand in neutral zone.
8:21 of 1st period - Icing by Nicklas Backstrom.
8:22 of 1st period - Henrik Sedin wins face-off versus Nicklas Backstrom in Predators zone.
8:24 of 1st period - Daniel Sedin is hit by Braydon Coburn and loses puck.
8:46 of 1st period - Phil Kessel is hit by Alex Burrows and loses puck.
9:41 of 1st period - Robert Lang is hit by Alex Burrows and loses puck.
10:08 of 1st period - Thomas Vanek is hit by Trevor Daley and loses puck.
10:32 of 1st period - Thomas Vanek is hit by Roman Hamrlik and loses puck.
10:36 of 1st period - Jeff Carter is hit by Roman Hamrlik and loses puck.
10:41 of 1st period - Shot by Thomas Vanek.
10:41 of 1st period - Stopped by Niklas Backstrom without a rebound.
10:42 of 1st period - David Legwand wins face-off versus Mikko Koivu in Flames zone.
10:46 of 1st period - Icing by Dan Boyle.
10:47 of 1st period - David Legwand wins face-off versus Mikko Koivu in Flames zone.
11:19 of 1st period - Icing by Mikko Koivu.
11:20 of 1st period - Jeff Carter wins face-off versus Mikko Koivu in Flames zone.
11:20 of 1st period - Tomas Kaberle is hit by Mike Commodore and loses puck.
11:33 of 1st period - Shot by Dan Boyle.
11:33 of 1st period - Shot Blocked by Shea Weber.
11:53 of 1st period - Shot by Jeff Carter.
11:53 of 1st period - Shot Misses the Net.
12:15 of 1st period - Shot by Scott Hartnell.
12:15 of 1st period - Stopped by Niklas Backstrom with a rebound.
12:17 of 1st period - Shot by Brent Burns.
12:17 of 1st period - Stopped by Niklas Backstrom without a rebound.
12:18 of 1st period - Mikko Koivu wins face-off versus Nicklas Backstrom in Flames zone.
13:15 of 1st period - Shot by David Legwand.
13:15 of 1st period - Shot Misses the Net.
13:17 of 1st period - Shot by Scott Hartnell.
13:17 of 1st period - Goal by Scott Hartnell - Predators : 2 - Flames : 1.
13:18 of 1st period - Jeff Carter wins face-off versus Robert Lang in neutral zone.
13:28 of 1st period - Owen Nolan is hit by Shea Weber and loses puck.
13:31 of 1st period - Shot by Robert Lang.
13:31 of 1st period - Stopped by Pekka Rinne without a rebound.
13:32 of 1st period - Scottie Upshall wins face-off versus Henrik Sedin in Predators zone.
14:07 of 1st period - Shot by Henrik Sedin.
14:07 of 1st period - Shot Misses the Net.
14:42 of 1st period - Owen Nolan is hit by Scott Hartnell and loses puck.
15:00 of 1st period - Shot by David Legwand.
15:00 of 1st period - Stopped by Niklas Backstrom without a rebound.
15:01 of 1st period - Nicklas Backstrom wins face-off versus Matt Cullen in Flames zone.
15:18 of 1st period - Shot by Braydon Coburn.
15:18 of 1st period - Stopped by Niklas Backstrom without a rebound.
15:19 of 1st period - David Legwand wins face-off versus Mikko Koivu in Flames zone.
15:41 of 1st period - Marco Sturm is hit by Derek Morris and loses puck.
15:48 of 1st period - Shot by Scott Hartnell.
15:48 of 1st period - Stopped by Niklas Backstrom without a rebound.
15:49 of 1st period - Alex Burrows wins face-off versus Robert Lang in Flames zone.
16:42 of 1st period - Minor Penalty to Chris Pronger for Slashing.
16:43 of 1st period - Mikko Koivu wins face-off versus Jeff Carter in Flames zone.
16:43 of 1st period - Mikko Koivu is hit by Patrik Elias.
19:03 of 1st period - Daniel Sedin is hit by Zbynek Michalek and loses puck.
19:13 of 1st period - Daniel Sedin is hit by Zbynek Michalek and loses puck.
19:16 of 1st period - Shot by Chris Pronger.
19:16 of 1st period - Shot Misses the Net.
19:18 of 1st period - Shot by Henrik Sedin.
19:18 of 1st period - Goal by Henrik Sedin - Predators : 2 - Flames : 2.
19:19 of 1st period - Patrik Elias wins face-off versus Robert Lang in neutral zone.
19:35 of 1st period - Icing by Mike Commodore.
19:36 of 1st period - Robert Lang wins face-off versus Nicklas Backstrom in Flames zone.
19:59 of 1st period - Robert Lang is hit by Alex Burrows and loses puck.

Period #2

0:01 of 2nd period - Jeff Carter wins face-off versus Henrik Sedin in neutral zone.
1:24 of 2nd period - Shot by Steven Stamkos.
1:24 of 2nd period - Shot Misses the Net.
1:26 of 2nd period - Shot by Zbynek Michalek.
1:26 of 2nd period - Shot Misses the Net.
1:39 of 2nd period - Minor Penalty to Mike Commodore for Hooking.
1:40 of 2nd period - Matt Cullen wins face-off versus Jeff Carter in Flames zone.
1:53 of 2nd period - Shot by Shea Weber.
1:53 of 2nd period - Deflect By Patrik Elias.
1:53 of 2nd period - Shot Misses the Net.
1:55 of 2nd period - Shot by Simon Gagne.
1:55 of 2nd period - Shot Misses the Net.
1:57 of 2nd period - Shot by Patrik Elias.
1:57 of 2nd period - Stopped by Niklas Backstrom without a rebound.
1:58 of 2nd period - Nicklas Backstrom wins face-off versus Valtteri Filppula in Flames zone.
2:25 of 2nd period - Shot by Thomas Vanek.
2:25 of 2nd period - Shot Blocked by Paul Mara.
2:51 of 2nd period - Shot by Simon Gagne.
2:51 of 2nd period - Stopped by Niklas Backstrom without a rebound.
2:52 of 2nd period - Jeff Carter wins face-off versus Mikko Koivu in Flames zone.
3:43 of 2nd period - Off-side.
3:44 of 2nd period - Scott Hartnell wins face-off versus Robert Lang in neutral zone.
4:07 of 2nd period - Shot by Simon Gagne.
4:07 of 2nd period - Shot Blocked by Mike Commodore.
4:11 of 2nd period - Shot by Scott Hartnell.
4:11 of 2nd period - Shot Misses the Net.
4:30 of 2nd period - Shot by Steven Stamkos.
4:30 of 2nd period - Shot Misses the Net.
4:32 of 2nd period - Shot by Nicklas Backstrom.
4:32 of 2nd period - Stopped by Niklas Backstrom with a rebound.
5:25 of 2nd period - Shot by Jonathan Cheechoo.
5:25 of 2nd period - Deflect By Jeff Carter.
5:25 of 2nd period - Stopped by Niklas Backstrom with a rebound.
5:27 of 2nd period - Shot by Scottie Upshall.
5:27 of 2nd period - Goal by Scottie Upshall - Predators : 3 - Flames : 2.
5:28 of 2nd period - Henrik Sedin wins face-off versus David Legwand in neutral zone.
5:58 of 2nd period - Shot by Henrik Sedin.
5:58 of 2nd period - Stopped by Pekka Rinne with a rebound.
6:00 of 2nd period - Shot by Chris Pronger.
6:00 of 2nd period - Stopped by Pekka Rinne with a rebound.
6:02 of 2nd period - Shot by Chris Pronger.
6:02 of 2nd period - Shot Misses the Net.
6:08 of 2nd period - Shot by Daniel Sedin.
6:08 of 2nd period - Stopped by Pekka Rinne with a rebound.
6:10 of 2nd period - Shot by Chris Pronger.
6:10 of 2nd period - Stopped by Pekka Rinne without a rebound.
6:11 of 2nd period - Mikko Koivu wins face-off versus Nicklas Backstrom in Predators zone.
6:21 of 2nd period - Off-side.
6:22 of 2nd period - Jeff Carter wins face-off versus Matt Cullen in neutral zone.
6:54 of 2nd period - Minor Penalty to Shea Weber for High sticking.
6:55 of 2nd period - David Legwand wins face-off versus Henrik Sedin in Predators zone.
7:57 of 2nd period - Shot by Chris Pronger.
7:57 of 2nd period - Shot Misses the Net.
7:59 of 2nd period - Shot by Owen Nolan.
7:59 of 2nd period - Stopped by Pekka Rinne without a rebound.
8:00 of 2nd period - Henrik Sedin wins face-off versus Jeff Carter in Predators zone.
8:43 of 2nd period - Shot by Chris Pronger.
8:43 of 2nd period - Shot Misses the Net.
8:45 of 2nd period - Shot by Chris Pronger.
8:45 of 2nd period - Shot Misses the Net.
8:49 of 2nd period - Shot by Tobias Enstrom.
8:49 of 2nd period - Stopped by Pekka Rinne without a rebound.
8:50 of 2nd period - David Legwand wins face-off versus Robert Lang in Predators zone.
9:17 of 2nd period - Shot by Valtteri Filppula.
9:17 of 2nd period - Shot Blocked by Zbynek Michalek.
9:19 of 2nd period - Shot by Mike Commodore.
9:19 of 2nd period - Stopped by Pekka Rinne without a rebound.
9:20 of 2nd period - Jeff Carter wins face-off versus Robert Lang in Predators zone.
9:36 of 2nd period - Icing by Shea Weber.
9:37 of 2nd period - Jeff Carter wins face-off versus Henrik Sedin in Predators zone.
9:41 of 2nd period - Icing by Jeff Carter.
9:42 of 2nd period - Henrik Sedin wins face-off versus Jeff Carter in Predators zone.
9:50 of 2nd period - Icing by Tomas Kaberle.
9:51 of 2nd period - Jeff Carter wins face-off versus Mikko Koivu in Predators zone.
9:55 of 2nd period - Shea Weber is hit by Dan Boyle and loses puck.
10:04 of 2nd period - Shot by Jeff Carter.
10:04 of 2nd period - Stopped by Niklas Backstrom without a rebound.
10:05 of 2nd period - Henrik Sedin wins face-off versus David Legwand in Flames zone.
10:07 of 2nd period - Icing by Daniel Sedin.
10:08 of 2nd period - David Legwand wins face-off versus Henrik Sedin in Flames zone.
10:29 of 2nd period - Shot by David Legwand.
10:29 of 2nd period - Shot Misses the Net.
10:31 of 2nd period - Shot by Derek Morris.
10:31 of 2nd period - Stopped by Niklas Backstrom without a rebound.
10:32 of 2nd period - Robert Lang wins face-off versus Nicklas Backstrom in Flames zone.
10:32 of 2nd period - Roman Hamrlik is hit by Alex Burrows and loses puck.
10:49 of 2nd period - Shot by Steven Stamkos.
10:49 of 2nd period - Shot Misses the Net.
11:18 of 2nd period - Minor Penalty to Braydon Coburn for Hooking.
11:19 of 2nd period - Henrik Sedin wins face-off versus Jeff Carter in Predators zone.
11:26 of 2nd period - Shot by Dan Boyle.
11:26 of 2nd period - Stopped by Pekka Rinne without a rebound.
11:27 of 2nd period - Jeff Carter wins face-off versus Henrik Sedin in Predators zone.
12:54 of 2nd period - Shot by Phil Kessel.
12:54 of 2nd period - Deflect By Daniel Sedin.
12:54 of 2nd period - Shot Blocked by Derek Morris.
13:38 of 2nd period - Shot by Steven Stamkos.
13:38 of 2nd period - Shot Blocked by Mike Commodore.
13:48 of 2nd period - Icing by Braydon Coburn.
13:49 of 2nd period - Nicklas Backstrom wins face-off versus Owen Nolan in Predators zone.
13:59 of 2nd period - Keith Tkachuk is hit by Braydon Coburn and loses puck.
14:00 of 2nd period - Minor Penalty to Braydon Coburn for High sticking.
14:01 of 2nd period - Jeff Carter wins face-off versus Keith Tkachuk in Predators zone.
14:09 of 2nd period - Off-side.
14:10 of 2nd period - Robert Lang wins face-off versus Jeff Carter in neutral zone.
14:31 of 2nd period - Shot by Owen Nolan.
14:31 of 2nd period - Shot Misses the Net.
14:33 of 2nd period - Shot by Tobias Enstrom.
14:33 of 2nd period - Stopped by Pekka Rinne without a rebound.
14:34 of 2nd period - Daniel Sedin wins face-off versus Jeff Carter in Predators zone.
14:41 of 2nd period - Shot by Henrik Sedin.
14:41 of 2nd period - Shot Misses the Net.
14:43 of 2nd period - Shot by Henrik Sedin.
14:43 of 2nd period - Shot Misses the Net.
14:47 of 2nd period - Shot by Dan Boyle.
14:47 of 2nd period - Shot Misses the Net.
14:49 of 2nd period - Shot by Dan Boyle.
14:49 of 2nd period - Shot Misses the Net.
14:51 of 2nd period - Shot by Trevor Daley.
14:51 of 2nd period - Stopped by Pekka Rinne without a rebound.
14:52 of 2nd period - Henrik Sedin wins face-off versus Alex Burrows in Predators zone.
15:05 of 2nd period - Shot by Mikko Koivu.
15:05 of 2nd period - Shot Misses the Net.
15:45 of 2nd period - Shot by Owen Nolan.
15:45 of 2nd period - Stopped by Pekka Rinne without a rebound.
15:46 of 2nd period - Mikko Koivu wins face-off versus Jeff Carter in Predators zone.
15:47 of 2nd period - Shot by Tobias Enstrom.
15:47 of 2nd period - Deflect By Mikko Koivu.
15:47 of 2nd period - Shot Misses the Net.
16:09 of 2nd period - Shot by Marco Sturm.
16:09 of 2nd period - Shot Misses the Net.
16:17 of 2nd period - Shot by Brent Burns.
16:17 of 2nd period - Stopped by Niklas Backstrom without a rebound.
16:18 of 2nd period - Nicklas Backstrom wins face-off versus Henrik Sedin in Flames zone.
16:41 of 2nd period - Daniel Sedin is hit by Braydon Coburn and loses puck.
17:09 of 2nd period - Shot by David Legwand.
17:09 of 2nd period - Shot Blocked by Roman Hamrlik.
17:12 of 2nd period - Icing by Trevor Daley.
17:13 of 2nd period - Robert Lang wins face-off versus Jeff Carter in Flames zone.
17:52 of 2nd period - Shot by Marco Sturm.
17:52 of 2nd period - Stopped by Pekka Rinne without a rebound.
17:53 of 2nd period - Henrik Sedin wins face-off versus David Legwand in Predators zone.
18:24 of 2nd period - Shot by Henrik Sedin.
18:24 of 2nd period - Stopped by Pekka Rinne without a rebound.
18:25 of 2nd period - Marco Sturm wins face-off versus Alex Burrows in Predators zone.
18:45 of 2nd period - Shot by Marco Sturm.
18:45 of 2nd period - Shot Misses the Net.
19:21 of 2nd period - Shot by Shea Weber.
19:21 of 2nd period - Shot Misses the Net.
19:34 of 2nd period - Off-side.
19:35 of 2nd period - Robert Lang wins face-off versus David Legwand in neutral zone.

Period #3

0:01 of 3rd period - Henrik Sedin wins face-off versus Jeff Carter in neutral zone.
0:10 of 3rd period - Shot by Phil Kessel.
0:10 of 3rd period - Shot Misses the Net.
0:28 of 3rd period - Shot by Jeff Carter.
0:28 of 3rd period - Stopped by Niklas Backstrom without a rebound.
0:29 of 3rd period - Mikko Koivu wins face-off versus Nicklas Backstrom in Flames zone.
0:29 of 3rd period - Mikko Koivu is hit by Alex Burrows.
0:51 of 3rd period - Shot by Alex Burrows.
0:51 of 3rd period - Stopped by Niklas Backstrom without a rebound.
0:52 of 3rd period - David Legwand wins face-off versus Robert Lang in Flames zone.
1:21 of 3rd period - Shot by Simon Gagne.
1:21 of 3rd period - Stopped by Niklas Backstrom without a rebound.
1:22 of 3rd period - Henrik Sedin wins face-off versus Thomas Vanek in Flames zone.
1:24 of 3rd period - Icing by Chris Pronger.
1:25 of 3rd period - Henrik Sedin wins face-off versus Jeff Carter in Flames zone.
1:36 of 3rd period - Shot by Patrik Elias.
1:36 of 3rd period - Stopped by Niklas Backstrom without a rebound.
1:37 of 3rd period - Nicklas Backstrom wins face-off versus Mikko Koivu in Flames zone.
1:52 of 3rd period - Shot by Dan Boyle.
1:52 of 3rd period - Shot Blocked by Zbynek Michalek.
2:51 of 3rd period - Jeff Carter is hit by Chris Pronger and loses puck.
3:05 of 3rd period - Thomas Vanek is hit by Phil Kessel and loses puck.
4:03 of 3rd period - Shot by Trevor Daley.
4:03 of 3rd period - Stopped by Pekka Rinne without a rebound.
4:04 of 3rd period - Mikko Koivu wins face-off versus Nicklas Backstrom in Predators zone.
4:08 of 3rd period - Marco Sturm is hit by Braydon Coburn.
4:24 of 3rd period - Shot by Nicklas Backstrom.
4:24 of 3rd period - Shot Misses the Net.
4:26 of 3rd period - Shot by Nicklas Backstrom.
4:26 of 3rd period - Shot Misses the Net.
4:30 of 3rd period - Shot by Alex Burrows.
4:30 of 3rd period - Stopped by Niklas Backstrom without a rebound.
4:31 of 3rd period - Robert Lang wins face-off versus Jeff Carter in Flames zone.
4:31 of 3rd period - Robert Lang is hit by Jonathan Cheechoo.
4:37 of 3rd period - Tomas Kaberle is hit by Keith Tkachuk and loses puck.
5:19 of 3rd period - Shot by Simon Gagne.
5:19 of 3rd period - Shot Misses the Net.
5:21 of 3rd period - Shot by Brent Burns.
5:21 of 3rd period - Stopped by Niklas Backstrom with a rebound.
5:25 of 3rd period - Shot by Simon Gagne.
5:25 of 3rd period - Stopped by Niklas Backstrom without a rebound.
5:26 of 3rd period - Nicklas Backstrom wins face-off versus Henrik Sedin in Flames zone.
5:57 of 3rd period - Shot by Nicklas Backstrom.
5:57 of 3rd period - Shot Misses the Net.
5:59 of 3rd period - Shot by Zbynek Michalek.
5:59 of 3rd period - Stopped by Niklas Backstrom without a rebound.
6:00 of 3rd period - David Legwand wins face-off versus Mikko Koivu in Flames zone.
6:09 of 3rd period - Shot by Marco Sturm.
6:09 of 3rd period - Stopped by Pekka Rinne without a rebound.
6:10 of 3rd period - David Legwand wins face-off versus Mikko Koivu in Predators zone.
6:31 of 3rd period - Shot by Marco Sturm.
6:31 of 3rd period - Goal by Marco Sturm - Predators : 3 - Flames : 3.
6:32 of 3rd period - Jeff Carter wins face-off versus Henrik Sedin in neutral zone.
7:06 of 3rd period - Minor Penalty to Shea Weber for Roughing.
7:07 of 3rd period - Robert Lang wins face-off versus David Legwand in Predators zone.
7:52 of 3rd period - Shot by Dan Boyle.
7:52 of 3rd period - Stopped by Pekka Rinne without a rebound.
7:53 of 3rd period - Henrik Sedin wins face-off versus David Legwand in Predators zone.
7:54 of 3rd period - Shot by Daniel Sedin.
7:54 of 3rd period - Goal by Daniel Sedin - Predators : 3 - Flames : 4.
7:55 of 3rd period - Nicklas Backstrom wins face-off versus Mikko Koivu in neutral zone.
7:59 of 3rd period - Icing by Dan Boyle.
8:00 of 3rd period - Marco Sturm wins face-off versus David Legwand in Flames zone.
8:15 of 3rd period - Shot by Mikko Koivu.
8:15 of 3rd period - Deflect By Marco Sturm.
8:15 of 3rd period - Shot Blocked by Brent Burns.
8:17 of 3rd period - Shot by Mike Commodore.
8:17 of 3rd period - Shot Misses the Net.
8:19 of 3rd period - Shot by Dan Boyle.
8:19 of 3rd period - Stopped by Pekka Rinne with a rebound.
8:29 of 3rd period - Shot by Valtteri Filppula.
8:29 of 3rd period - Stopped by Pekka Rinne without a rebound.
8:30 of 3rd period - Robert Lang wins face-off versus Nicklas Backstrom in Predators zone.
9:10 of 3rd period - Icing by Zbynek Michalek.
9:11 of 3rd period - Matt Cullen wins face-off versus Nicklas Backstrom in Predators zone.
9:33 of 3rd period - Icing by Dan Boyle.
9:34 of 3rd period - Jeff Carter wins face-off versus Matt Cullen in Flames zone.
9:38 of 3rd period - Icing by Dan Boyle.
9:39 of 3rd period - Daniel Sedin wins face-off versus Scott Hartnell in Flames zone.
10:21 of 3rd period - Simon Gagne is hit by Roman Hamrlik.
10:30 of 3rd period - Minor Penalty to Shea Weber for Roughing.
10:31 of 3rd period - Robert Lang wins face-off versus Jeff Carter in Predators zone.
10:54 of 3rd period - Shot by Chris Pronger.
10:54 of 3rd period - Shot Misses the Net.
11:33 of 3rd period - Phil Kessel is hit by Braydon Coburn and loses puck.
12:12 of 3rd period - Icing by Chris Pronger.
12:13 of 3rd period - Robert Lang wins face-off versus David Legwand in Flames zone.
12:46 of 3rd period - Minor Penalty to Shea Weber for Hooking.
12:47 of 3rd period - Valtteri Filppula wins face-off versus David Legwand in Predators zone.
12:50 of 3rd period - Shot by Henrik Sedin.
12:50 of 3rd period - Shot Misses the Net.
14:23 of 3rd period - Shot by Owen Nolan.
14:23 of 3rd period - Shot Misses the Net.
14:25 of 3rd period - Shot by Roman Hamrlik.
14:25 of 3rd period - Deflect By Owen Nolan.
14:25 of 3rd period - Shot Misses the Net.
14:27 of 3rd period - Shot by Roman Hamrlik.
14:27 of 3rd period - Shot Misses the Net.
14:29 of 3rd period - Shot by Keith Tkachuk.
14:29 of 3rd period - Shot Misses the Net.
15:57 of 3rd period - Shot by Henrik Sedin.
15:57 of 3rd period - Stopped by Pekka Rinne with a rebound.
15:59 of 3rd period - Shot by Matt Cullen.
15:59 of 3rd period - Shot Blocked by Shea Weber.
16:01 of 3rd period - Shot by Henrik Sedin.
16:01 of 3rd period - Stopped by Pekka Rinne without a rebound.
16:02 of 3rd period - Nicklas Backstrom wins face-off versus Robert Lang in Predators zone.
17:07 of 3rd period - Icing by Chris Pronger.
17:08 of 3rd period - Nicklas Backstrom wins face-off versus Henrik Sedin in Flames zone.
17:29 of 3rd period - Minor Penalty to Alex Burrows for Holding.
17:30 of 3rd period - Mikko Koivu wins face-off versus Jeff Carter in Predators zone.
17:33 of 3rd period - Shot by Mikko Koivu.
17:33 of 3rd period - Stopped by Pekka Rinne without a rebound.
17:34 of 3rd period - Henrik Sedin wins face-off versus Jeff Carter in Predators zone.
17:48 of 3rd period - Henrik Sedin is hit by Scott Hartnell and loses puck.
17:55 of 3rd period - Shot by Chris Pronger.
17:55 of 3rd period - Shot Misses the Net.
17:57 of 3rd period - Shot by Chris Pronger.
17:57 of 3rd period - Shot Misses the Net.
17:59 of 3rd period - Shot by Tobias Enstrom.
17:59 of 3rd period - Shot Misses the Net.
18:03 of 3rd period - Shot by Chris Pronger.
18:03 of 3rd period - Shot Misses the Net.
18:05 of 3rd period - Shot by Owen Nolan.
18:05 of 3rd period - Deflect By Henrik Sedin.
18:05 of 3rd period - Stopped by Pekka Rinne with a rebound.
19:12 of 3rd period - Zbynek Michalek is hit by Keith Tkachuk and loses puck.
19:17 of 3rd period - Shot by Owen Nolan.
19:17 of 3rd period - Shot Misses the Net.
19:21 of 3rd period - Shot by Tobias Enstrom.
19:21 of 3rd period - Stopped by Pekka Rinne without a rebound.
19:22 of 3rd period - Jeff Carter wins face-off versus Robert Lang in Predators zone.
19:38 of 3rd period - Icing by Brent Burns.
19:39 of 3rd period - Jeff Carter wins face-off versus Henrik Sedin in Predators zone.
19:46 of 3rd period - Predators, Pekka Rinne is pulled from the net.
19:50 of 3rd period - Shot by Jeff Carter.
19:50 of 3rd period - Stopped by Niklas Backstrom without a rebound.
19:51 of 3rd period - Henrik Sedin wins face-off versus Thomas Vanek in Flames zone.


Output by the SimonT Hockey Simulator (STHS) for Stephane Roy -- Original Page W3C XHTML 1.0 Valid